 Dungeon Sprint DCSS version 0.22.1-2-g9c5b331 (webtiles) character file.

85 diana the Covert (level 4, 30/30 HPs)
             Began as a Vampire Enchanter on Dec 22, 2018.
             Quit the game in the Dungeon (Sprint III: "The Ten Rune Challenge").
             The game lasted 00:01:49 (362 turns).

diana the Covert (Vampire Enchanter)                 Turns: 362, Time: 00:01:50

Health: 30/30      AC:  6    Str:  7    XL:     4   Next: 25%
Magic:  8/9        EV: 13    Int: 17    God:
Gold:   13         SH:  0    Dex: 15    Spells: 4/10 levels left

rFire    . . .     SeeInvis +   a - +1 dagger
rCold    . . .     Gourm    .   (no shield)
rNeg     + . .     Faith    .   b - +0 robe
rPois    .         Spirit   .   (no helmet)
rElec    .         Reflect  .   e - +0 cloak
rCorr    .         Harm     .   (no gloves)
MR       .....     NoTele   +   (no boots)
Stlth    ++++......             (no amulet)
HPRegen  0.10/turn              (no ring)
MPRegen  0.11/turn              (no ring)

@: no status effects
A: fangs 3, hooves 1, molten scales 1, see invisible, screaming 1, shaggy fur 1,
unbreathing
a: Bat Form


You were in the Dungeon.
You were not thirsty.

You visited 1 branch You collected 13 gold pieces.

Inventory:

Hand Weapons
 a - a +1 dagger (weapon)
Armour
 b - a +0 robe (worn)
 e - a +0 cloak (worn)
Scrolls
 c - a scroll of fog {unknown}
 j - a scroll of blinking
 k - 3 scrolls of torment {unknown}
 l - a scroll of fear {unknown}
 m - a scroll of enchant weapon {unknown}
 o - a scroll of immolation {unknown}
 p - 2 scrolls of identify
 q - a scroll of remove curse {unknown}
Potions
 d - 3 potions of blood
 f - a potion of heal wounds
 g - a potion of haste
 h - 2 potions of magic
 i - a potion of berserk rage
 n - 3 potions of flight


   Skills:
 + Level 4.1 Short Blades
 - Level 2.1 Dodging
 * Level 9.4 Stealth
 + Level 3.9 Spellcasting
 + Level 7.0 Hexes


You had 4 spell levels left.
You knew the following spells:

 Your Spells              Type           Power        Failure   Level  Hunger
a - Corona                Hex            ####...      1%          1    None
b - Ensorcelled Hibernat  Hex/Ice        ###...       6%          2    ##.....
c - Dazzling Spray        Conj/Hex       ###...       12%         3    ###....

Your spell library contained the following spells:

 Spells                   Type           Power        Failure   Level  Hunger
 Confuse                  Hex            ####....     2%          3    ###....
 Tukima's Dance           Hex            ####....     2%          3    ###....


Dungeon Overview and Level Annotations

Branches:
Dungeon (1/1)

Altars:


Innate Abilities, Weirdness & Mutations

You have razor-sharp teeth.
You have supernaturally acute eyesight. (SInv)
You can survive without breathing.
You have large cloven feet.
You are partially covered in molten scales. (AC +2)
You occasionally shout uncontrollably at your foes.
You are covered in fur. (AC +1)


Message History

You feel extremely strange.
You feel a little healthier.
Your body's shape seems more normal.
You feel healthier.
You feel less resistant to hostile enchantments.
You feel less energetic.
You feel genetically stable.
Your toenails lengthen and sharpen.
You feel extremely strange.
You feel more energetic.
You feel genetically unstable.
Your talons dull and shrink into feet.
You feel the urge to shout.
Thin metallic scales grow over part of your body.
You feel extremely strange.
Your thin metallic scales disappear.
Fur sprouts all over your body.
You feel your magical essence link to your wands.
You feel weaker.
Your toenails lengthen and sharpen.
You feel extremely strange.
Your magical essence is no longer linked to your wands.
Your talons dull and shrink into feet.
You feel stronger.
Molten scales grow over part of your body.
Your feet thicken and deform.
Are you sure you want to abandon this character and quit the game? (Confirm

▓▓▓▓▓▓▓▓▓▓▓▓▓
▓<.#%.'...♣.♣♣
▓..#%@#....♣.♣
▓#'####.....♣♣
▓.....#....≈.♣♣♣
▓.....#...≈≈...♣
▓.....#..≈≈≈≈..♣
▓####'#..≈≈≈≈≈≈.
▓(....#.≈≈≈≈≈≈..
▓.)...#.≈≈≈≈≈...
▓.....#.≈≈≈.....


There were no monsters in sight!

Vanquished Creatures
  Crazy Yiuf (D)
  Jessica (D)
  A human (D)
  2 oozes (D)
  A rat (D)
6 creatures vanquished.

Vanquished Creatures (others)
  2 draconian scorchers (D)
  6 hellions (D)
  A yaktaur (D)
  A plant (D)
10 creatures vanquished.

Grand Total: 16 creatures vanquished

Notes
Turn   | Place    | Note
-------+----------+-------------------------------------------
     0 | D        | diana the Vampire Enchanter began the quest for the Orb.
     0 | D        | Reached XP level 1. HP: 13/13 MP: 3/3
     4 | D        | Reached skill level 5 in Stealth
    17 | D        | Reached skill level 6 in Stealth
    17 | D        | Reached skill level 5 in Hexes
    17 | D        | Reached XP level 2. HP: 12/19 MP: 3/5
   104 | D        | Killed a yaktaur
   121 | D        | Killed a hellion
   121 | D        | Killed a hellion
   121 | D        | Killed a hellion
   124 | D        | Noticed Jessica
   129 | D        | Killed Jessica
   129 | D        | Reached skill level 7 in Stealth
   129 | D        | Reached XP level 3. HP: 24/24 MP: 5/7
   145 | D        | Killed a hellion
   158 | D        | Learned a level 2 spell: Ensorcelled Hibernation
   158 | D        | Killed a hellion
   162 | D        | Learned a level 3 spell: Dazzling Spray
   166 | D        | Noticed Crazy Yiuf
   178 | D        | Killed Crazy Yiuf
   178 | D        | Reached skill level 8 in Stealth
   184 | D        | Killed a white draconian scorcher
   198 | D        | Reached skill level 9 in Stealth
   198 | D        | Reached XP level 4. HP: 16/30 MP: 0/9
   210 | D        | Killed a white draconian scorcher
   219 | D        | Killed a hellion
   357 | D        | Gained mutation: Armour fits poorly on your strangely
                  | shaped body. [potion of mutation]
   357 | D        | Gained mutation: Your body sometimes deteriorates upon
                  | taking damage. [potion of mutation]
   357 | D        | Gained mutation: Your body often deteriorates upon taking
                  | damage. [potion of mutation]
   357 | D        | Gained mutation: You are resistant to hostile enchantments.
                  | (MR+) [potion of mutation]
   358 | D        | Lost mutation: Your body often deteriorates upon taking
                  | damage. [potion of mutation]
   358 | D        | Lost mutation: Armour fits poorly on your strangely shaped
                  | body. [potion of mutation]
   358 | D        | Lost mutation: Your body sometimes deteriorates upon taking
                  | damage. [potion of mutation]
   358 | D        | Lost mutation: You are resistant to hostile enchantments.
                  | (MR+) [potion of mutation]
   358 | D        | Gained mutation: Your magical capacity is low. (-10% MP)
                  | [potion of mutation]
   358 | D        | Gained mutation: You are somewhat resistant to further
                  | mutation. [potion of mutation]
   358 | D        | Gained mutation: You have sharp toenails. [potion of
                  | mutation]
   359 | D        | Lost mutation: Your magical capacity is low. (-10% MP)
                  | [potion of mutation]
   359 | D        | Lost mutation: You are somewhat resistant to further
                  | mutation. [potion of mutation]
   359 | D        | Lost mutation: You have sharp toenails. [potion of
                  | mutation]
   359 | D        | Gained mutation: You occasionally shout uncontrollably at
                  | your foes. [potion of mutation]
   359 | D        | Gained mutation: You are partially covered in thin metallic
                  | scales. (AC +2) [potion of mutation]
   360 | D        | Lost mutation: You are partially covered in thin metallic
                  | scales. (AC +2) [potion of mutation]
   360 | D        | Gained mutation: You are covered in fur. (AC +1) [potion of
                  | mutation]
   360 | D        | Gained mutation: You expend magic power (3 MP) to
                  | strengthen your wands. [potion of mutation]
   360 | D        | Gained mutation: You are weak. (Str -2) [potion of
                  | mutation]
   360 | D        | Gained mutation: You have sharp toenails. [potion of
                  | mutation]
   361 | D        | Lost mutation: You expend magic power (3 MP) to strengthen
                  | your wands. [potion of mutation]
   361 | D        | Lost mutation: You have sharp toenails. [potion of
                  | mutation]
   361 | D        | Lost mutation: You are weak. (Str -2) [potion of mutation]
   361 | D        | Gained mutation: You are partially covered in molten
                  | scales. (AC +2) [potion of mutation]
   361 | D        | Gained mutation: You have large cloven feet. [potion of
                  | mutation]
   362 | D        | Quit the game

Skill      XL: |  1  2  3 |
---------------+----------+-----
Stealth        | 6 7 9 |  9.4
Short Blades   | 2 3 4 |  4.1
Hexes          | 5 6 7 |  7.0
Spellcasting   | 3 |  3.9
Dodging        | |  2.1

Action                   |  1- 3 |  4- 6 || total
-------------------------+-------+-------++-------
Melee: Dagger            |    21 |       ||    21
       Bite              |     1 |       ||     1
 Cast: Ensorcelled Hiber |     5 |       ||     5
  Use: Potion            |     1 |     5 ||     6
 Stab: Sleeping          |     5 |       ||     5
Dodge: Dodged            |     8 |       ||     8
